AoeStats
← Rodrigo Lao Tse

Arabia

508468165Analyzed
1v1 RM · 10d ago on Sep 22, 2026· 30m 43s· 2 players
Game mode
Random Map
Map size
Tiny (2 player)
Population
200
Speed
Normal
Resources
Standard
Victory
Conquest
Starting age
Dark Age
Ending age
Imperial Age
RankedLock teamsTeams togetherTeam positionsShared explorationLock speedFull tech treeHidden civsTurbo modeCheats
Victory
Defeat
🇸🇰 Random · Slovakia
862
+17
🇨🇱 Maya · Chile
887
-24
Durriii
7:03 Loom
10:31 Feudal Age
10:59 Double-Bit Axe
10:55 Horse Collar
16:01 Man-at-Arms
17:33 Bloodlines
21:39 Castle Age
21:29 Forging
22:35 Husbandry
22:49 Arson
23:06 Squires
23:54 Gambesons
28:00 Heavy Plow
28:12 Bow Saw
28:43 Iron Casting
Rodrigo Lao Tse
0:26 Loom
9:28 Feudal Age
12:10 Stone Mining
13:44 Fletching
30:22 Castle Age
Connection lost

Rejoining the realm…

Still unreachable

The connection could not be restored.

Session expired

The server has moved on; the page needs a fresh start.